 Dungeon Crawl Stone Soup version 0.23-a0-650-ga4d50d4 (webtiles) character file.

55 Amnesiac the Magician (level 3, 14/14 HPs)
             Began as a Felid Earth Elementalist on Jan 6, 2019.
             Quit the game on level 3 of the Dungeon.
             The game lasted 00:05:20 (2415 turns).

Amnesiac the Magician (Felid Earth Elementalist)    Turns: 2415, Time: 00:05:20

Health: 14/14      AC:  1    Str:  4    XL:     3   Next: 67%
Magic:  9/9        EV: 18    Int: 17    God:
Gold:   124        SH:  0    Dex: 16    Spells: 2/9 levels left
                                        Lives:  0   Deaths: 1

rFire    . . .     SeeInvis +   (weapon unavailable)
rCold    . . .     Gourm    .   (shield unavailable)
rNeg     + . .     Faith    .   (armour unavailable)
rPois    .         Spirit   .   (helmet unavailable)
rElec    .         Reflect  .   (cloak unavailable)
rCorr    .         Harm     .   (gloves unavailable)
MR       .....     Rnd*Tele +   (boots unavailable)
Stlth    +++.......             (no amulet)
HPRegen  0.04/turn              g - ring of positive energy
MPRegen  0.11/turn              h - ring of teleportation (curse)

@: quick
A: very small, no armour, no weapons or thrown items, stealth, claws 1, fangs 3,
see invisible, carnivore, speed 1, shaggy fur 1, slow metabolism 1, sharp paws
a: no special abilities


You were on level 3 of the Dungeon.
You were not hungry.

You visited 1 branch of the dungeon, and saw 3 of its levels.

You collected 124 gold pieces.

Inventory:

Missiles
 b - 7 stones
Jewellery
 g - a ring of positive energy (left paw)
 h - a cursed ring of teleportation (right paw)
Scrolls
 a - 2 scrolls of identify {!r}
 i - a scroll of blinking {!r}
 j - 3 scrolls of teleportation {!r}
 k - a scroll of noise {!r, unknown}
Potions
 d - a potion of agility {!q}
 e - 3 potions of heal wounds {!q}
Comestibles
 c - 7 rations
 f - 3 chunks of flesh


   Skills:
 - Level 2.6 Dodging
 - Level 3.0 Stealth
 + Level 0.9 Unarmed Combat
 * Level 3.6 Spellcasting
 - Level 1.1 Transmutations
 * Level 3.6 Earth Magic


You had 2 spell levels left.
You knew the following spells:

 Your Spells              Type           Power        Failure   Level  Hunger
a - Sandblast             Erth           ###...       3%          1    None
b - Passwall              Tmut/Erth      ##......     10%         2    ##.....
e - Petrify               Tmut/Erth      ##......     52%         4    ####...

Your spell library contained the following spells:

 Spells                   Type           Power        Failure   Level  Hunger
 Stone Arrow              Conj/Erth      #.....       24%         3    ###....
 Lee's Rapid Deconstruct  Erth           ###.......   71%         5    ######.


Dungeon Overview and Level Annotations

Branches:
Dungeon (3/15)

Altars:
Kikubaaqudgha
Uskayaw
Wu Jian

Annotations:
D:3 Jessica


Innate Abilities, Weirdness & Mutations

You cannot wear armour.
You are incapable of wielding weapons or throwing items.
Your paws allow you to move quietly. (Stealth)
You have sharp claws.
You have razor-sharp teeth.
You have supernaturally acute eyesight. (SInv)
You are carnivorous and can eat meat at any time.
You cover ground quickly.
You are covered in fur. (AC +1)
You have a slow metabolism.
Your sharp claws are effective at attacking unaware monsters.


Message History

Confirm with . or Enter, or press ? or * to list all spells.
Okay, then.
You hear a zap.
You hear a grinding noise.
The goblin hits you but does no damage.
You barely miss the goblin.
The goblin is heavily wounded.
The goblin hits you with a +0 dagger. The rat barely misses you.
Jessica zaps a wand.
Some rock shatters into small pieces.
The goblin barely misses you.
You completely miss the goblin.
The goblin is heavily wounded.
The rat misses you. The goblin barely misses you. The rat misses you.
You scratch the goblin but do no damage.
You bite the goblin.
The goblin is severely wounded.
The goblin closely misses you. The rat bites you.
Jessica hits you with a +0 dagger.
Casting: Sandblast (safe; 3% risk of failure)
Confirm with . or Enter, or press ? or * to list all spells.
Aiming: Sandblast (safe; 3% risk of failure)
Press: ? - help, Shift-Dir - straight line, f - Jessica
Aim: Jessica, wielding a +0 dagger, wearing a +2 robe and carrying a wand of The blast of sand misses Jessica.
b - 9 stones The goblin hits you with a +0 dagger.
* * * LOW HITPOINT WARNING * * *
The rat barely misses you. Jessica completely misses you.
The goblin barely misses you.
Unknown command.
Casting: Sandblast (safe; 3% risk of failure)
Confirm with . or Enter, or press ? or * to list all spells.
Aiming: Sandblast (safe; 3% risk of failure)
Press: ? - help, Shift-Dir - straight line, f/p - Jessica
Aim: Jessica, wielding a +0 dagger, wearing a +2 robe and carrying a wand of The blast of sand misses Jessica.
b - 8 stones The rat barely misses you.
Jessica casts a spell.
Jessica seems to speed up.
The goblin hits you with a +0 dagger.
* * * LOW HITPOINT WARNING * * *
The rat closely misses you. Jessica closely misses you.
Unknown command.
Casting: Sandblast (safe; 3% risk of failure)
Confirm with . or Enter, or press ? or * to list all spells.
Aiming: Sandblast (safe; 3% risk of failure)
Press: ? - help, Shift-Dir - straight line, f/p - Jessica
Aim: Jessica, wielding a +0 dagger, wearing a +2 robe and carrying a wand of The blast of sand hits Jessica.
Jessica is moderately wounded.
b - 7 stones The goblin hits you with a +0 dagger.
* * * LOW HITPOINT WARNING * * *
Jessica hits you with a +0 dagger.
* * * LOW HITPOINT WARNING * * *
The rat misses you. The goblin hits you with a +0 dagger.
You die...
Jessica points at you and mumbles some strange words.
Pain shoots through your body!
You are now level 3!
You rejoin the land of the living...
Found a mace.
You can't grasp things well enough to throw them.
Unknown command.
Are you sure you want to abandon this character and quit the game? (Confirm

##...# .. #.....# ##.#
.......# .....#### ..._....
..... ).# . ...... #.......
# #.. ..#J
..##....#.###.#.. #...#@g
................... #..†
.#......#.@.#..............
............#....#####.###.
##.#.##.#........... .. #.
#..#.##.#..#..##..##### #.
#####.##.##.#..#.)##.......
..
...........(.....)(........
..
#####.##.#..#...#........#
.# #÷##.####...#...#......
## #.##.# #.#.....# ...#.


There were no monsters in sight!

Vanquished Creatures
  Crazy Yiuf (D:2)
  An adder (D:3)
  An ooze (D:1)
  3 worms
  A dart slug (D:1)
  3 leopard geckos
  3 bats
  2 giant cockroaches
  12 goblins
  9 hobgoblins
  3 jackals (D:1)
  4 kobolds
  A quokka (D:3)
  2 frilled lizards (D:1)
  9 rats
55 creatures vanquished.

Notes
Turn   | Place    | Note
-------+----------+-------------------------------------------
     0 | D:1      | Amnesiac the Felid Earth Elementalist began the quest for
                  | the Orb.
     0 | D:1      | Reached XP level 1. HP: 7/7 MP: 4/4
   109 | D:1      | Reached XP level 2. HP: 9/11 MP: 2/6
   113 | D:1      | Learned a level 2 spell: Passwall
   564 | D:1      | Reached XP level 3. HP: 14/14 MP: 1/8
  1547 | D:2      | Found a runed door.
  1857 | D:2      | Noticed Crazy Yiuf
  1871 | D:2      | Killed Crazy Yiuf
  1871 | D:2      | Reached XP level 4. HP: 6/18 MP: 5/10
  2125 | D:3      | Found a faded altar of an unknown god.
  2146 | D:3      | Found an ancient bone altar of Kikubaaqudgha.
  2146 | D:3      | Found an ornate altar of the Wu Jian Council.
  2173 | D:3      | Learned a level 4 spell: Petrify
  2403 | D:3      | Found a hide-covered altar of Uskayaw.
  2403 | D:3      | Noticed Jessica
  2414 | D:3      | Slain by a goblin
  2415 | D:3      | Reached XP level 3. HP: -2/14 MP: 2/9
  2415 | D:3      | Quit the game

Vault maps used:
D:1:      lordsloth_arrival_two_stooges
D:2:      minmay_misc_feat_doors, uniq_crazy_yiuf_cottage
D:3:      cheibrodos_pilgrimage, lemuel_round_altar,
          gammafunk_temple_overflow_wave, chequers_ecumenical_altar_simple,
          minmay_quadrilaterals, uniq_jessica

Skill      XL: |  1  2  3 |
---------------+----------+-----
Spellcasting   | 3 |  3.6
Earth Magic    | 3 |  3.6
Stealth        | 3 |  3.0
Dodging        | |  2.6
Unarmed Combat | |  0.9
Transmutations | |  1.1

Action                   |  1- 3 |  4- 6 || total
-------------------------+-------+-------++-------
Melee: Unarmed           |    63 |    32 ||    95
       Bite              |     5 |     2 ||     7
 Cast: Sandblast         |    43 |    16 ||    59
       Passwall          |     5 |     1 ||     6
  Use: Scroll            |     5 |       ||     5
 Stab: Sleeping          |     9 |     3 ||    12
  Eat: Chunk             |     9 |     1 ||    10
Armor: Skin              |     2 |       ||     2
Dodge: Dodged            |    59 |    46 ||   105

Table legend:
 A = Non-vault XP
 B = Vault XP
 C = Vault XP percentage of total XP
 D = Non-vault monster count
 E = Vault monster count
 F = Vault count percentage of total count
                 A         B        C        D         E       F
            +---------+---------+-------+---------+---------+-------
      Total |     122 |      43 |  26.1 |      52 |       3 |   5.5
            +---------+---------+-------+---------+---------+-------
        D:1 |      60 |       3 |   4.8 |      28 |       2 |   6.7
        D:2 |      26 |      40 |  60.6 |      12 |       1 |   7.7
        D:3 |      36 |       0 |   0.0 |      12 |       0 |   0.0
            +---------+---------+-------+---------+---------+-------
